 Dungeon Crawl Stone Soup version 0.28-a0-863-g8cecda6153 (webtiles) character file.

Game seed: 3417785037511671988

39 vineage the Shield-Bearer (level 3, 0/23 HPs)
             Began as a Gargoyle Fighter on Nov 17, 2021.
             Slain by an adder (1 damage)
             ... on level 2 of the Dungeon.
             The game lasted 00:01:54 (1677 turns).

vineage the Shield-Bearer (Gargoyle Fighter)        Turns: 1677, Time: 00:01:55

Health: 0/23       AC: 10    Str: 19    XL:     3   Next: 47%
Magic:  3/3        EV:  9    Int:  8    God:
Gold:   42         SH:  9    Dex: 10    Spells: 2/2 levels left

rFire   . . .      SeeInvis .   a - +1 flail
rCold   . . .      Faith    .   c - +0 buckler
rNeg    + . .      Spirit   .   b - +0 scale mail
rPois   ∞          Reflect  +   (no helmet)
rElec   +          Harm     .   (no cloak)
rCorr   .          Rampage  .   (no gloves)
Will    .....                   (no boots)
Stlth   ..........              e - amulet of reflection
HPRegen 0.07/turn               (no ring)
MPRegen 0.08/turn               (no ring)

@: brilliant
A: sickness immunity, AC +3, negative energy resistance 1, electricity
resistance, torment resistance 1, petrification resistance
a: no special abilities


You were on level 2 of the Dungeon.
You visited 1 branch of the dungeon, and saw 3 of its levels.

You collected 42 gold pieces.

Inventory:

Hand Weapons
 a - a +1 flail (weapon)
Armour
 b - a +0 scale mail (worn)
 c - a +0 buckler (worn)
 h - a +0 cloak
Jewellery
 e - an amulet of reflection (around neck)
Scrolls
 f - 3 scrolls of identify
 g - 2 scrolls of magic mapping
 k - a scroll of amnesia {unknown}
 l - a scroll of teleportation {unknown}
Potions
 d - a potion of might


   Skills:
 + Level 3.6 Fighting
 + Level 2.8 Maces & Flails
 + Level 3.6 Armour
 + Level 3.7 Shields


You had 2 spell levels left.
You didn't know any spells.
Your spell library contained the following spells:

 Spells                   Type           Power      Damage    Failure   Level
 Sting                    Tmut/Pois      0%         1d3       78%         1
 Poisonous Vapours        Pois/Air       0%         N/A       89%         2
 Olgreb's Toxic Radiance  Pois           0%         N/A       100%        4


Dungeon Overview and Level Annotations

Branches:
Dungeon (3/15)

Altars:


Innate Abilities, Weirdness & Mutations

You are immune to sickness and miasma.
Your stone body is resilient. (AC +3)
You are immune to poison.
You resist negative energy. (rN+)
You are resistant to electric shocks. (rElec)
You are resistant to unholy torment.
You are immune to petrification.


Message History

There are monsters nearby!
You closely miss the adder. You block the adder's attack. x2
You closely miss the adder. The adder closely misses you.
An orc priest comes into view. It is wielding a +0 flail.
You miss the adder. You block the adder's attack.
The orc priest miscasts a cantrip.
The adder barely misses you.
You closely miss the adder. The orc barely misses you.
The adder bites you but does no damage. The adder bites you.
You miss the adder. You block the adder's attack. You block the orc's attack.
You closely miss the adder.
An adder comes into view.
You block the adder's attack. The orc closely misses you.
The orc hits you but does no damage.
The orc priest calls down the wrath of Beogh upon you.
Beogh smites you!
Ouch! That really hurt!
* * * LOW HITPOINT WARNING * * *
The orc completely misses you. The adder bites you but does no damage.
The adder moves out of view.
The adder hisses angrily.
You block the orc's attack. The orc hits you but does no damage.
The orc barely misses you.
A hobgoblin comes into view.
There is a stone staircase leading up here.
The hobgoblin shouts!
The adder barely misses you. The orc hits you with a +0 mace.
* * * LOW HITPOINT WARNING * * *
The orc hits you but does no damage. You block the orc's attack.
You climb upwards.
There is a stone staircase leading down here.
As you read the scroll labelled DEFFAESE MOGGA, it crumbles to dust.
It is a scroll of enchant weapon.
Your +0 flail glows red for a moment.
The adder bites you.
* * * LOW HITPOINT WARNING * * *
The orc hits you but does no damage. The adder barely misses you.
It was a potion of brilliance.
You feel clever all of a sudden. The orc barely misses you.
The adder bites you.
You die...

## #.....# #..#
.## ##.##.# ##.#
..# #######.#####
#.# .##
#...........# #.#
.# #.#####.###.#
#.# .# #.# #.# #.#
###÷##### .#####.#
#.# #o# #........
.......# #.# #S#
#<#.##### .#######
#.# #@#
####.#...... ##
#.###o###
#.......####
#....o..#
#.#####.# #
##########
#####.#.# #.# #.#
# .........# #.#.#
#.# #.# #
########.#
#.#.###.# #.####
#.#
#.#.....#####.>...
### #.#
#>........÷.......
###.## #.#
###...............


You could see an adder and 3 orcs.

Vanquished Creatures
  An adder (D:2)
  4 bats
  3 endoplasms
  2 giant cockroaches
  5 goblins
  4 hobgoblins
  A kobold (D:1)
  2 ball pythons
  4 frilled lizards
  4 rats
30 creatures vanquished.

Notes
Turn   | Place    | Note
-------+----------+-------------------------------------------
     0 | D:1      | vineage the Gargoyle Fighter began the quest for the Orb.
     0 | D:1      | Reached XP level 1. HP: 14/14 MP: 1/1
   276 | D:1      | Reached XP level 2. HP: 17/19 MP: 2/2
  1081 | D:2      | Reached XP level 3. HP: 23/23 MP: 3/3
  1676 | D:2      | HP: 1/23 [adder (2)]
  1677 | D:2      | Slain by an adder

Illustrated notes

Levels and vault maps discovered:
D:1:      dpeg_arrival_signposts, layout_basic
D:2:      layout_loops_ring
D:3:      layout_rooms, serial_corexii_hall, corexii_hall_statues_deadend,
          corexii_hall_statues_x, corexii_hall_statues_s,
          corexii_hall_statues_s, dk_noncrumbling_2, uniq_ijyb

Action                   || total
-------------------------++-------
Melee: Flail             ||    95
  Use: Scroll            ||     2
       Potion            ||     1
Armor: Scale mail        ||    40
Dodge: Dodged            ||    33
Block: Buckler           ||    56

Table legend: (Time is in decaauts)
 A = Elapsed time spent in this place.
 B = Non-inter-level travel time spent in this place.
 C = Inter-level travel time spent in this place.
 D = Time resting spent in this place.
 E = Time spent auto-exploring this place.
 F = Levels seen in this place.
 G = Mean time per level.
                   A        B        C        D        E       F      G
               +--------+--------+--------+--------+--------+-----+--------+
         Total |   1704 |   1611 |     93 |      0 |   1367 |   3 |  568.0 |
       Dungeon |   1704 |   1611 |     93 |      0 |   1367 |   3 |  568.0 |
               +--------+--------+--------+--------+--------+-----+--------+

Top non-repeatable levels by time:
     D:1: 1025 daAuts
     D:2: 667 daAuts
     D:3: 11 daAuts
